Map: Ephemeron LE

Players

Zest - Winner!

  • Race: Protoss Protoss
  • League: Master
  • Spawn Location: 11:00

TSGSolar (Solar)

  • Race: Zerg Zerg
  • League: Diamond
  • Spawn Location: 5:00

Event: HomeStory Cup XX

VOD

Have the link to the VOD?

Description

Time

  • Played on: Nov. 24, 2019, 9:48 a.m.
  • Length: 10:36

All games in this series

Show
View Real Time Build Order
Export as new Build Order

Zest Protoss - Winner!

Build Orders: 1 Gate Expand, Zealot Archon, Archon Drop, Dark Templar Rush 

Get SALT Encoding   

  12  0:00  Probe  
  13  0:12  Probe  
  14  0:18  Pylon  
  14  0:24  Probe  
  15  0:32  Probe  
  15  0:38  Gateway  
  15  0:40  Probe  
  16  0:47  Assimilator  
  17  0:51  Probe  
  18  1:03  Probe  
  19  1:15  Probe  
  20  1:25  Cybernetics Core  
  20  1:33  Nexus  
  20  1:36  Probe  
  21  1:43  Pylon  
  21  1:48  Probe  
  21  1:50  Assimilator  
  21  1:51  Adept  
  22  2:00  Probe  
  23  2:03  Warp Gate  
  25  2:11  Adept  
  25  2:12  Probe  
  28  2:24  Probe  
  29  2:31  Twilight Council  
  29  2:36  Probe  
  30  2:44  Probe  
  30  2:45  Stalker  
  30  2:48  Probe  
  34  2:52  Probe  
  35  3:00  Probe  
  35  3:01  Probe  
  37  3:08  Robotics Facility  
  37  3:13  Probe x2  
  39  3:25  Probe x2  
  39  3:26  Dark Shrine  
  41  3:34  Gateway  
  41  3:40  Gateway x2  
  41  3:42  Probe x2  
  41  3:45  Pylon, Warp Prism  
  45  3:58  Probe  
  45  3:59  Assimilator  
  45  4:01  Assimilator  
  45  4:12  Probe  
  45  4:20  Probe  
  45  4:23  Probe  
  46  4:28  Probe  
  46  4:29  Pylon  
  47  4:31  Probe  
  47  4:36  Probe  
  49  4:39  Probe  
  51  4:46  Probe  
  51  4:50  Dark Templar x4  
  51  4:51  Observer  
  51  4:52  Probe  
  62  5:14  Archon  
  62  5:16  Archon  
  62  5:25  Probe  
  59  5:30  Stalker  
  59  5:35  Pylon x2  
  61  5:36  Charge  
  61  5:38  Gateway  
  61  5:40  Gateway x2  
  61  5:41  Gateway  
  61  5:43  Immortal  
  61  5:46  Gateway  
  61  5:56  Gateway  
  63  6:05  Sentry x4  
  71  6:12  Pylon, Warp Prism  
  71  6:25  Nexus  
  73  6:29  Forge  
  73  6:30  Pylon  
  73  6:43  Pylon, Dark Templar  
  73  6:44  Dark Templar x3, Zealot  
  73  6:45  Zealot  
  85  6:49  Adept  
  85  6:50  Archon x2  
  87  6:56  Shield Battery  
  87  7:03  Pylon  
  87  7:09  Protoss Ground Weapons Level 1  
  87  7:14  Zealot x6  
  99  7:27  Probe  
  99  7:28  Probe, Zealot  
  103  7:40  Probe x3  
  103  7:41  Photon Cannon  
  106  7:48  Blink  
  106  7:52  Probe x3  
  106  7:56  Zealot x5  
  106  7:57  Immortal  
  107  8:10  Probe x2  
  113  8:20  Sentry x2  
  113  8:21  Stalker x2  
  113  8:25  Pylon, Sentry x2  
  124  8:41  Warp Prism  
  124  8:47  Pylon  
  124  8:48  Pylon  
  122  8:50  Assimilator  
  124  8:56  Assimilator  
  124  9:02  Stalker x4  
  132  9:06  Pylon  
  132  9:15  Probe x3  
  135  9:26  Dark Templar, Zealot  
  138  9:36  Zealot x2  
  138  9:37  Zealot x6  
  134  9:54  Zealot  
  134  9:59  Zealot x9  
  129  10:20  Stalker x2  
  129  10:21  Stalker x2  
  129  10:26  Zealot x5  
  115  10:31  Zealot x5  
Show
View Real Time Build Order
Export as new Build Order

TSGSolar Zerg 

Build Orders: Hatch First, Swarm Host 

Get SALT Encoding   

  12  0:01  Drone  
  13  0:12  Overlord  
  13  0:17  Drone  
  14  0:30  Drone x2  
  16  0:47  Hatchery  
  15  0:50  Drone  
  15  0:54  Drone  
  17  0:57  Drone  
  18  1:09  Extractor  
  17  1:14  Spawning Pool  
  17  1:16  Drone  
  17  1:20  Drone  
  18  1:28  Drone  
  19  1:38  Drone  
  20  1:50  Hatchery  
  20  1:52  Drone  
  20  2:01  Queen  
  20  2:03  Zergling x2  
  20  2:07  Drone  
  24  2:11  Drone  
  25  2:17  Overlord  
  25  2:26  Queen  
  27  2:31  Metabolic Boost  
  27  2:35  Zergling x2  
  27  2:36  Drone  
  29  2:40  Zergling x2  
  29  2:42  Drone  
  31  2:48  Queen  
  31  2:51  Drone  
  34  2:53  Zergling x2  
  34  2:57  Zergling x2  
  36  3:09  Overlord  
  36  3:10  Queen  
  37  3:13  Drone  
  37  3:16  Drone  
  37  3:19  Drone  
  41  3:25  Drone  
  40  3:27  Drone x3  
  40  3:28  Drone  
  44  3:34  Overlord  
  44  3:38  Drone x2  
  46  3:47  Drone x2  
  46  3:48  Drone  
  49  3:52  Overlord  
  49  3:56  Drone x2  
  49  3:57  Drone x2  
  49  4:00  Roach Warren  
  52  4:05  Zergling x6  
  52  4:06  Zergling x2  
  52  4:07  Zergling x2  
  57  4:12  Drone, Lair  
  57  4:14  Drone  
  56  4:19  Spore Crawler  
  56  4:20  Spore Crawler, Drone x2  
  56  4:22  Drone x2  
  57  4:26  Extractor, Drone  
  57  4:27  Extractor  
  57  4:29  Drone x2  
  57  4:30  Drone  
  60  4:38  Zergling x6  
  60  4:41  Roach  
  60  4:42  Overlord  
  64  4:46  Roach  
  64  4:49  Overlord  
  64  4:52  Overlord  
  66  4:56  Overlord  
  66  5:01  Roach  
  66  5:02  Roach  
  66  5:05  Roach x2  
  72  5:11  Overseer  
  72  5:12  Drone x5  
  75  5:14  Drone  
  75  5:16  Drone  
  75  5:18  Drone  
  76  5:22  Drone  
  76  5:23  Drone  
  76  5:26  Drone  
  76  5:28  Drone  
  78  5:35  Overlord  
  78  5:38  Extractor x2, Drone x2  
  78  5:40  Drone  
  78  5:41  Glial Reconstitution  
  79  5:43  Roach  
  79  5:44  Roach  
  83  5:54  Roach x2  
  84  6:02  Drone x4  
  84  6:03  Drone x2  
  89  6:14  Drone x3  
  89  6:17  Drone x3  
  95  6:21  Evolution Chamber  
  95  6:24  Overlord  
  95  6:25  Overlord  
  93  6:26  Overlord  
  93  6:32  Overseer  
  93  6:36  Drone x3  
  93  6:37  Drone  
  93  6:38  Extractor, Overlord  
  96  6:41  Overlord  
  96  6:48  Zergling x2, Roach x4  
  96  6:49  Zergling x2  
  96  6:52  Overlord  
  96  6:54  Roach x2  
  110  6:59  Overlord  
  110  7:06  Roach x5  
  110  7:07  Ravager x3  
  110  7:08  Ravager  
  123  7:12  Ravager  
  123  7:13  Spine Crawler, Roach  
  125  7:16  Roach  
  125  7:17  Roach x2  
  125  7:19  Roach  
  125  7:22  Zergling x4, Roach x2  
  137  7:24  Overlord  
  137  7:27  Overlord  
  137  7:28  Roach x2  
  137  7:29  Roach  
  142  7:32  Ravager x2  
  142  7:34  Roach  
  146  7:37  Overlord  
  146  7:44  Infestation Pit  
  146  7:45  Drone x4  
  146  7:46  Zergling x4  
  146  7:47  Ravager  
  146  7:49  Zergling x6  
  156  7:56  Zergling x8  
  156  7:57  Zerg Missile Weapons Level 1  
  140  7:59  Roach  
  140  8:03  Ravager, Roach x2  
  140  8:04  Roach  
  139  8:13  Roach x2  
  139  8:14  Roach  
  139  8:16  Zergling x10  
  139  8:17  Roach  
  151  8:20  Ravager  
  152  8:27  Overlord  
  151  8:38  Swarm Host x5  
  151  8:41  Swarm Host  
  162  8:45  Swarm Host  
  167  8:51  Hatchery  
  167  8:53  Swarm Host  
  167  8:55  Swarm Host  
  172  8:56  Overlord  
  172  9:04  Zergling x8  
  172  9:05  Overlord  
  172  9:07  Nydus Network  
  175  9:11  Swarm Host  
  175  9:13  Zergling x16  
  185  9:18  Roach  
  185  9:19  Overlord  
  185  9:20  Ravager x2  
  185  9:22  Roach  
  185  9:23  Zergling x2, Roach  
  194  9:24  Roach  
  194  9:25  Zergling x4  
  194  9:26  Overlord  
  194  9:31  Roach  
  199  9:36  Roach  
  191  9:43  Roach x3  
  182  9:49  Roach  
  165  9:53  Roach x4  
  145  10:01  Roach x6  
  145  10:05  Roach x4  
  133  10:14  Roach x2  
Tags
 
Add a new tag
Caveats
  • Supply blocks, unpowered buildings, or Contaminate may cause inaccurate times.
  • Supply counts are checked every 10 seconds.